 Dungeon Crawl Stone Soup version 0.27.1-37-g7b29ead8ac (webtiles) character file.

Game seed: 12547341519219115144

1601455 AarnesTheHuman the Conqueror (level 27, 199/199 HPs)
             Began as a Formicid Fighter on June 8, 2023.
             Was the Champion of Yredelemnul.
             Escaped with the Orb
             ... and 3 runes on June 14, 2023!
             The game lasted 03:28:46 (80031 turns).

AarnesTheHuman the Conqueror (Formicid Fighter)    Turns: 80031, Time: 03:28:47

Health: 199/199    AC: 44    Str: 29 (30) XL:     27
Magic:  40/40      EV: 18    Int: 26      God:    Yredelemnul [******]
Gold:   6784       SH: 23    Dex:  9 (11) Spells: 28/40 levels left

rFire    + + .     SeeInvis +   b - +4 lajatang (vamp)
rCold    + + .     Faith    +   h - +2 tower shield "Tiwneh" {Rampage Int+7}
rNeg     + . .     Spirit   .   X - +12 gold dragon scales
rPois    +         Reflect  .   (helmet unavailable)
rElec    +         Harm     .   m - +0 cloak "Laizoax" {Will++ Str+4}
rCorr    .         Rampage  +   s - +2 pair of gloves
Will     ++++.                  v - +2 pair of boots {Stlth+}
Stlth    ..........             L - amulet of Tiossa {Faith rElec rC+ rN+ Int+8}
HPRegen  0.43/turn              D - ring of the Hare {EV+8}
MPRegen  0.27/turn              N - ring of protection from fire

@: studying 2 skills
A: permanent stasis, dig shafts and tunnels, antennae 3, four strong arms,
deterioration 2, dopey 1, frail 2, screaming 2, weak 1
0: Orb of Zot
}: 3/15 runes: serpentine, barnacled, silver
a: Dig, Shaft Self, Renounce Religion, Recall Undead Slaves, Injury Mirror,
Animate Dead, Drain Life, Enslave Soul


You escaped.
You worshipped Yredelemnul.
Yredelemnul was exalted by your worship.
You visited 10 branches of the dungeon, and saw 50 of its levels.
You also visited: Trove, Gauntlet and Ice Cave.

You collected 9543 gold pieces.
You spent 2759 gold pieces at shops.

Inventory:

Hand Weapons
 a - a +9 lajatang of electrocution
 b - a +4 vampiric lajatang (weapon)
 y - a +1 antimagic quarterstaff
 I - the +5 lajatang of Nugexzo {vorpal, Will++}
   (You found it on level 3 of the Elven Halls)

   It inflicts extra damage upon your enemies.
   Will:      It greatly increases your willpower.
Missiles
 j - 170 poisoned darts (quivered)
 P - 19 curare-tipped darts
 W - 15 throwing nets
Armour
 h - the +2 tower shield "Tiwneh" (worn) {Rampage Int+7}
   (You took it off a minotaur in a Gauntlet)

   Int:       It affects your intelligence (+7).
   Rampage:   It bestows one free step when moving towards enemies.
 m - the +0 cloak "Laizoax" (worn) {Will++ Str+4}
   (You found it in a Gauntlet)

   Str:       It affects your strength (+4).
   Will:      It greatly increases your willpower.
 s - a +2 pair of gloves (worn)
 v - a +2 pair of boots of stealth (worn)
 X - +12 gold dragon scales (worn)
Jewellery
 k - the ring "Xenuhept" {Wiz Dex+2}
   (You found it on level 3 of the Elven Halls)

   [ring of wizardry]

   It improves your spell success rate.
   Dex:       It affects your dexterity (+2).
 q - a ring of protection from cold
 r - the ring "Kaas" {rCorr Str+3}
   (You found it on level 5 of the Vaults)

   [ring of resist corrosion]

   Str:       It affects your strength (+3).
   rCorr:     It protects you from acid and corrosion.
 u - a ring of flight
 B - the ring of Ezal {rN+ rCorr}
   (You found it on level 4 of the Shoals)

   [ring of resist corrosion]

   rN:        It protects you from negative energy.
   rCorr:     It protects you from acid and corrosion.
 D - the ring of the Hare (left hand) {EV+8}
   (You found it on level 6 of the Lair of Beasts)

   [ring of evasion]

   EV:        It affects your evasion (+8).
 L - the amulet of Tiossa (around neck) {Faith rElec rC+ rN+ Int+8}
   (You acquired it on level 1 of the Lair of Beasts)

   [amulet of faith]

   It allows you to gain divine favour quickly.
   Int:       It affects your intelligence (+8).
   rC:        It protects you from cold.
   rElec:     It insulates you from electricity.
   rN:        It protects you from negative energy.
 M - the ring of Jaeb Loa {rPois Will+}
   (You found it on level 5 of the Vaults)

   [ring of poison resistance]

   rPois:     It protects you from poison.
   Will:      It increases your willpower.
 N - a ring of protection from fire (right hand)
Wands
 c - a wand of digging (3)
 z - a wand of charming (28)
 A - a wand of flame (118)
 C - a wand of mindburst (35)
 E - a wand of iceblast (59)
 J - a wand of paralysis (31)
 R - a wand of acid (25)
Scrolls
 i - 5 scrolls of fog
 o - 8 scrolls of vulnerability
 t - 9 scrolls of magic mapping
 w - 5 scrolls of fear
 x - a scroll of silence
 G - 4 scrolls of summoning
 Q - a scroll of acquirement
 Y - 2 scrolls of brand weapon
Potions
 d - 9 potions of might
 e - 9 potions of brilliance
 f - 10 potions of lignification
 g - 8 potions of flight
 l - 24 potions of curing
 n - 4 potions of cancellation
 p - 6 potions of attraction
 F - 13 potions of heal wounds
 H - 2 potions of ambrosia
 S - 7 potions of magic
 T - 3 potions of mutation
 V - 4 potions of resistance
Miscellaneous
 K - a phantom mirror
 O - a phial of floods
 Z - a condenser vane


   Skills:
 O Level 27 Fighting
 - Level 14.0 Staves
 - Level 20.0 Armour
 + Level 12.6 Dodging
 - Level 15.0 Shields
 - Level 7.0 Spellcasting
 - Level 7.0 Ice Magic
 - Level 12.0 Poison Magic
 - Level 26.0 Invocations


You had 28 spell levels left.
You knew the following spells:

 Your Spells              Type           Power      Damage    Failure   Level
a - Poisonous Vapours     Pois/Air       80%        N/A       9%          2
b - Olgreb's Toxic Radia  Pois           64%        N/A       4%          4
c - Ignite Poison         Fire/Tmut/Pois 29%        N/A       36%         3
d - Frozen Ramparts       Ice            90%        1d11      11%         3

Your spell library contained the following spells:

 Spells                   Type           Power      Damage    Failure   Level
 Freeze                   Ice            100%       1d11      3%          1
 Sting                    Tmut/Pois      100%       1d8       5%          1
 Ozocubu's Armour         Ice            45%        N/A       11%         3
 Ensorcelled Hibernation  Hex/Ice        54%        N/A       24%         2
 Apportation              Tloc           18%        N/A       54%         1
 Beastly Appendage        Tmut           18%        N/A       54%         1
 Corona                   Hex            10%        N/A       54%         1
 Shock                    Conj/Air       36%        1d5       54%         1
 Corpse Rot               Necr/Air       N/A        N/A       69%         2
 Sublimation of Blood     Necr           4%         N/A       69%         2
 Wereblood                Tmut           9%         N/A       69%         2
 Hailstorm                Conj/Ice       27%        3d7       83%         4
 Ice Form                 Ice/Tmut       27%        N/A       83%         4
 Summon Ice Beast         Ice/Summ       27%        N/A       83%         4
 Alistair's Intoxication  Tmut/Pois      26%        N/A       83%         5
 Call Canine Familiar     Summ           9%         N/A       89%         3
 Conjure Flame            Conj/Fire      9%         6-21      89%         3
 Dazzling Flash           Conj/Hex       18%        N/A       89%         3
 Gell's Gravitas          Tloc           4%         N/A       89%         3
 Inner Flame              Hex/Fire       9%         N/A       89%         3
 Lesser Beckoning         Tloc           4%         N/A       89%         3
 Portal Projectile        Hex/Tloc       18%        N/A       89%         3
 Stone Arrow              Conj/Erth      18%        3d8       89%         3
 Summon Guardian Golem    Hex/Summ       9%         N/A       89%         3
 Teleport Other           Tloc           9%         N/A       89%         3
 Tukima's Dance           Hex            9%         N/A       89%         3
 Metabolic Englaciation   Hex/Ice        13%        N/A       99%         5
 Airstrike                Air            4%         N/A       100%        4
 Animate Armour           Summ/Erth      18%        N/A       100%        4
 Cause Fear               Hex            4%         N/A       100%        4
 Dispel Undead            Necr           9%         3d8       100%        4
 Iskenderun's Mystic Bla  Conj/Tloc      9%         2d4       100%        4
 Leda's Liquefaction      Hex/Erth       4%         N/A       100%        4
 Passage of Golubria      Tloc           N/A        N/A       100%        4
 Petrify                  Tmut/Erth      9%         N/A       100%        4
 Sticky Flame             Conj/Fire      9%         2d3       100%        4
 Summon Lightning Spire   Summ/Air       9%         N/A       100%        4
 Agony                    Necr           9%         N/A       100%        5
 Freezing Cloud           Conj/Ice/Air   10%        6-21      100%        5
 Irradiate                Conj/Tmut      4%         3d15      100%        5
 Manifold Assault         Tloc           9%         N/A       100%        5
 Silence                  Hex/Air        4%         N/A       100%        5
 Summon Forest            Summ/Tloc      4%         N/A       100%        5
 Yara's Violent Unravell  Hex/Tmut       4%         3d4       100%        5
 Death Channel            Necr           4%         N/A       100%        6
 Dispersal                Tloc           4%         N/A       100%        6
 Invisibility             Hex            4%         N/A       100%        6
 Shadow Creatures         Summ           N/A        N/A       100%        6
 Simulacrum               Ice/Necr       13%        N/A       100%        6
 Starburst                Conj/Fire      4%         6d4       100%        6
 Statue Form              Tmut/Erth      6%         N/A       100%        6
 Orb of Destruction       Conj           4%         9d2       100%        7
 Spellforged Servitor     Conj/Summ      4%         N/A       100%        7
 Storm Form               Tmut/Air       4%         N/A       100%        7
 Summon Hydra             Summ           4%         N/A       100%        7
 Discord                  Hex            4%         N/A       100%        8
 Lehudib's Crystal Spear  Conj/Erth      4%         10d3      100%        8
 Maxwell's Capacitive Co  Air            4%         ∞         100%        8
 Necromutation            Tmut/Necr      4%         N/A       100%        8
 Chain Lightning          Conj/Air       4%         3d6       100%        9
 Fire Storm               Conj/Fire      4%         8d1       100%        9
 Polar Vortex             Ice            22%        N/A       100%        9
 Blink                    Tloc           Unusable   N/A       N/A         2
 Swiftness                Air            Unusable   N/A       N/A         3

Dungeon Overview and Level Annotations

Branches:
Dungeon (15/15)            Temple (1/1) D:4            Lair (6/6) D:9
 Shoals (4/4) Lair:4        Snake (4/4) Lair:2        Slime (0/5) Lair:6
    Orc (2/2) D:9             Elf (3/3) Orc:2        Vaults (5/5) D:13
  Crypt (0/3) Vaults:2     Depths (5/5) D:15            Zot (5/5) Depths:5
  IceCv (visited)         Gauntlet (visited)

Altars:
Ashenzari
Cheibriados
Dithmenos
Elyvilon
Fedhas
Gozag
Hepliaklqana
Kikubaaqudgha
Makhleb
Nemelex Xobeh
Okawaru
Qazlal
Ru
Sif Muna
Trog
Uskayaw
Vehumet
Wu Jian
Xom
Yredelemnul
Zin
The Shining One
Jiyva

Shops:
D:7 !   D:9 *   D:10 [   D:14 [   Orc:1 (   Orc:2 :*[(   Elf:1 [   Elf:2 !
Shoals:2 ?   Shoals:4 [   Snake:1 *   Vaults:2 =   Vaults:3 *   Vaults:4 =?[[=
Depths:1 *   Depths:2 ?

Portals:
Hell: Depths:1 Depths:2 Depths:3 Depths:4 Depths:5
Abyss: Depths:4
Pandemonium: Depths:3
Ziggurat: Depths:2

Annotations:
D:3 3 runed translucent doors, exclusion: 3 doors, hitsuchi's ghost, amateur PaAK
D:8 2 transporters, Delamore's ghost, novice OpBr
D:9 exclusion: downstairs
D:11 exclusion: downstairs
D:14 exclusion: downstairs
Lair:1 3 runed translucent doors, exclusions: 3 doors and downstairs, Fesmapux's ghost, journeyman MiBe; SnubMonkey's ghost, journeyman FoFi
Lair:2 2 transporters, exclusion: flying skull, Froggeryz's ghost, journeyman OpVM
Lair:4 exclusion: downstairs
Lair:5 2 runed translucent doors, exclusions: 2 doors and downstairs, peterlawrence's ghost, journeyman MiFi
Shoals:2 1 runed translucent door, RedRedRas's ghost, adept SpEn
Vaults:2 exclusion: downstairs
Vaults:4 3 runed translucent doors, exclusion: 3 doors, Tang's ghost, master DsGl
Zot:2 exclusion: downstairs


Innate Abilities, Weirdness & Mutations

You cannot be hasted, slowed, berserked, paralysed or teleported.
You can dig through walls and to a lower floor.
You have a pair of large antennae on your head. (SInv)
Your four strong arms can wield two-handed weapons with a shield.
Your body often deteriorates upon taking damage.
You are dopey. (Int -2)
You are very frail. (-20% HP)
You frequently scream uncontrollably at your foes.
You are weak. (Str -2)


Message History

You slash the Brimstone Fiend!
The Brimstone Fiend is lightly wounded.
The Brimstone Fiend hits you but does no damage.
You block the Brimstone Fiend's attack. x2
You hit the Brimstone Fiend but do no damage.
The Brimstone Fiend is lightly wounded.
You block the Brimstone Fiend's attack. x3
You hit the Brimstone Fiend.
The Brimstone Fiend is lightly wounded.
You block the Brimstone Fiend's attack. x2
The Brimstone Fiend hits you but does no damage.
You slice the Brimstone Fiend!!
The Brimstone Fiend is moderately wounded.
Your flayed ghost hits the Brimstone Fiend but does no damage.
You completely miss the Brimstone Fiend.
The Brimstone Fiend is moderately wounded.
The Brimstone Fiend hits you. You block the Brimstone Fiend's attack.
The Brimstone Fiend hits you but does no damage.
You slice the Brimstone Fiend!!
The Brimstone Fiend is heavily wounded.
Your bone dragon bites the Brimstone Fiend but does no damage.
Your bone dragon claws the Brimstone Fiend.
Your bone dragon tramples the Brimstone Fiend but does no damage.
Your vampire casts a spell.
Your vampire flickers and vanishes for a moment.
The Brimstone Fiend hits your bone dragon but does no damage.
The Brimstone Fiend hits your bone dragon.
The Brimstone Fiend barely misses your bone dragon.
You hit the Brimstone Fiend but do no damage.
The Brimstone Fiend is heavily wounded.
Your flayed ghost hits the Brimstone Fiend!!
Your bone dragon bites the Brimstone Fiend!!
The Brimstone Fiend dies!
Yredelemnul accepts your kill. Yredelemnul grants you a vampire!
There is an open door here.
HP restored.
There is an open door here.
There is a staircase leading out of the dungeon here.
You have escaped!

############## #>...).......##
#.##########..# ##### #.#
##.####...# #.# #......#{#
####### #.# ##V#####D# #......
#.# #.#@VWD.# #.##### #.#
#.#####># #.# #.# #.....#### #.#
#.################DV..#####.#####
.................................
######################.####.#####
##### #..# #.# #...# ##.###.#
#...# #..##.#


You could see 2 friendly bone dragons, a friendly flayed ghost and a friendly
vampire.

Vanquished Creatures
  A dread lich (Vaults:4)
  4 orbs of fire
  3 ancient liches
  A juggernaut (Depths:4)
  3 Killer Klowns (Zot:5)
  2 curse toes
  4 golden dragons
  4 caustic shrikes (Depths:2)
  A pandemonium lord (D:14)
  9 tentacled monstrosities
  19 Orb Guardians
  2 liches
  3 titans
  3 quicksilver dragons
  A deep elf master archer (Elf:3)
  6 death cobs
  2 sphinxes (Depths:4)
  13 storm dragons
  6 shadow dragons
  3 tengu reavers
  A draconian monk (Zot:1)
  6 fire giants
  3 nagarajas
  3 draconian knights
  4 frost giants
  A caustic shrike zombie (Depths:1)
  6 draconian scorchers
  2 deep elf sorcerers
  2 iron dragons (Depths:4)
  An orc warlord (Orc:2)
  9 vault wardens
  2 deep elf elementalists (Elf:3)
  2 spriggan defenders
  3 draconian annihilators
  4 draconian shifters
  8 stone giants
  5 ironbound preservers
  A war gargoyle (Vaults:5)
  4 deep elf annihilators
  15 very ugly things
  7 green draconians
  A vampire knight (Vaults:2)
  A lorocyproca (D:14)
  3 purple draconians
  5 black draconians
  4 dire elephants
  5 yellow draconians
  3 spark wasps (Depths:2)
  A minotaur (Gauntlet)
  6 red draconians
  5 white draconians
  2 deep elf death magi (Elf:3)
  A green death (D:15)
  A merfolk impaler (Shoals:4)
  3 fire dragons
  A merfolk javelineer (Shoals:4)
  15 ettins
  3 jiangshi (Depths:2)
  6 great orbs of eyes
  2 deep elf high priests
  9 yaktaur captains
  5 ice dragons
  3 naga warriors
  7 boulder beetles
  19 vault guards
  Erolcha (D:13)
  3 ironbound thunderhulks
  10 hydras
  An anaconda (shapeshifter) (Vaults:5)
  9 spriggan air magi
  A catoblepas (Lair:6)
  8 ironbound frosthearts
  A rakshasa (Depths:1)
  4 anacondas
  14 dancing weapons
  6 centaur warriors
  4 deep troll shamans (Depths:1)
  A satyr (Shoals:3)
  2 alligator snapping turtles
  5 hell hogs (Depths:3)
  3 two-headed ogres
  16 death yaks
  A merfolk aquamancer (Shoals:3)
  2 tengu warriors
  5 naga sharpshooters
  A deep troll earth mage (Vaults:5)
  2 vampire magi
  5 shock serpents
  3 ironbound beastmasters
  8 spriggan berserkers
  An orc high priest (Orc:2)
  Sonja (Lair:1)
  A soul eater (Depths:2)
  9 deep elf knights
  5 skeletal warriors (D:12)
  A sixfirhy (D:12)
  7 sea snakes
  A flayed ghost (Depths:5)
  An iron troll (Depths:1)
  A phantasmal warrior (Vaults:5)
  23 deep trolls
  A tengu zombie (Vaults:1)
  8 wizards
  3 naga ritualists
  5 lindwurms
  8 ironbound convokers
  7 deep elf archers
  20 deep elf zephyrmancers
  3 necromancers
  49 ugly things
  18 deep elf pyromancers
  A sphinx zombie (Vaults:1)
  A wolf spider (Lair:2)
  17 harpies
  4 mana vipers (Snake:1)
  2 orc knights (Orc:2)
  4 fauns
  12 moths of wrath
  3 salamanders
  21 elephants
  8 manticores
  4 cyclopes
  2 guardian serpents (shapeshifter)
  6 merfolk sirens
  22 black mambas
  An ice statue (IceCv)
  Maurice (D:9)
  12 naga magi
  9 vault sentinels
  An elf zombie (Depths:1)
  10 cane toads
  5 guardian serpents
  4 torpor snails
  Psyche (D:8)
  2 gargoyles
  2 hellions (Zot:3)
  4 rime drakes
  2 efreet (Zot:3)
  8 yaktaurs
  2 unseen horrors (D:11)
  3 tormentors
  14 komodo dragons
  3 ice devils
  5 trolls
  A hornet (shapeshifter) (D:15)
  A jumping spider (Lair:2)
  14 merfolk
  7 hornets
  Prince Ribbit (Lair:3)
  A queen bee (shapeshifter) (Vaults:5)
  12 polar bears
  A dream sheep (Shoals:1)
  17 blink frogs
  12 slime creatures
  3 snapping turtles (Shoals:4)
  Sigmund (D:2)
  69 yaks
  2 redbacks (shapeshifter)
  An air elemental (Elf:1)
  6 wyverns
  A vampire (D:14)
  8 spriggans
  An elf simulacrum (Vaults:1)
  6 water elementals
  A wraith (D:13)
  7 redbacks
  3 fire bats (D:13)
  Eustachio (D:6)
  A hog (Snake:3)
  4 basilisks
  A vampire mosquito (D:15)
  3 fire elementals
  A neqoxec (Depths:3)
  An elf skeleton (Vaults:4)
  Menkaure (D:7)
  4 wargs
  An acid dragon (D:11)
  16 nagas
  15 water moccasins
  A hell hound (D:13)
  21 orc warriors
  2 sky beasts (D:7)
  An ice dragon simulacrum (Depths:1)
  2 ice beasts
  3 black bears
  8 ogres
  A necrophage (D:4)
  5 boggarts
  6 centaurs
  18 wolves
  3 kobold brigands
  14 bullfrogs
  An earth elemental (Elf:1)
  3 scorpions
  A gnoll sergeant (D:10)
  4 wights
  3 howler monkeys
  4 lava snakes
  6 centaur zombies
  A jelly (D:6)
  A bullfrog skeleton (D:6)
  3 centaur skeletons
  8 orc priests
  4 hounds
  7 hell rats
  14 orc wizards
  An iguana (D:6)
  Natasha (thrice) (D:2)
  A hound zombie (D:5)
  Robin (D:2)
  10 gnolls
  7 adders
  A shadow imp (D:6)
  A white imp (D:6)
  An ufetubus (D:6)
  4 worms
  4 dart slugs
  48 orcs
  5 ball pythons
  8 bats
  5 endoplasms
  4 giant cockroaches
  11 goblins
  6 hobgoblins
  20 kobolds
  3 quokkas
  4 frilled lizards
  7 rats
  A fire vortex (D:13)
  A fungus (Elf:3)
  A tentacle (Shoals:1)
1303 creatures vanquished.

Vanquished Creatures (collateral kills)
  2 ancient liches (Vaults:5)
  An orb of fire (Zot:5)
  3 Killer Klowns (Zot:5)
  A curse toe (Zot:5)
  6 golden dragons
  2 electric golems (Zot:5)
  Jorgrun (D:15)
  A Brimstone Fiend (D:1)
  11 tentacled monstrosities
  10 Orb Guardians
  2 quicksilver dragons
  A deep elf blademaster (Elf:3)
  A deep elf master archer (Elf:3)
  An Executioner (Depths:1)
  2 sphinxes (Vaults:4)
  A kraken (Shoals:1)
  9 death cobs
  Gastronok (D:11)
  Roxanne (Elf:3)
  A shadow dragon (Zot:2)
  A tengu reaver (Vaults:4)
  4 storm dragons
  Kirke (Snake:3)
  3 draconian monks
  8 fire giants
  4 nagarajas (Snake:4)
  A frost giant (Depths:5)
  Aizul (Snake:1)
  5 deep elf sorcerers (Elf:3)
  2 draconian scorchers
  2 draconian shifters
  3 vault wardens (Vaults:4)
  A deep elf elementalist (Elf:3)
  A spriggan defender (Depths:4)
  4 draconian stormcallers
  5 very ugly things
  4 draconian annihilators
  10 ironbound preservers
  5 stone giants
  A reaper (Depths:2)
  Azrael (D:13)
  7 deep elf demonologists
  6 white draconians
  5 black draconians
  4 red draconians
  6 purple draconians
  3 yellow draconians
  8 green draconians
  2 spark wasps
  A dire elephant (shapeshifter) (Vaults:5)
  5 deep elf annihilators (Elf:3)
  3 dire elephants
  3 ettins
  2 blizzard demons
  4 deep elf death magi
  Josephine (D:13)
  6 merfolk javelineers
  A yaktaur captain (Vaults:2)
  9 merfolk impalers
  3 fire dragons
  3 deep elf high priests
  5 slime creatures
  A great orb of eyes (Vaults:4)
  A salamander tyrant (Snake:4)
  7 vault guards (Vaults:5)
  3 ironbound thunderhulks
  5 hydras
  An ice dragon (Depths:1)
  11 naga warriors
  3 boulder beetles
  An ogre mage (Vaults:4)
  2 catoblepae (Lair:6)
  4 merfolk aquamancers (Shoals:4)
  A spriggan air mage (Depths:2)
  A satyr (Shoals:2)
  2 ironbound frosthearts
  2 anacondas (Snake:4)
  A merfolk avatar (Shoals:2)
  2 alligator snapping turtles
  A two-headed ogre (D:11)
  4 centaur warriors
  3 death yaks (Lair:6)
  14 dancing weapons
  2 tengu warriors
  A deep troll earth mage (Depths:5)
  3 hell hogs
  4 shock serpents
  A vampire mage (Depths:2)
  2 orc high priests (Orc:2)
  3 ironbound beastmasters
  Urug (Lair:5)
  A soul eater (Depths:2)
  2 naga sharpshooters (Snake:4)
  9 deep elf knights
  A spriggan berserker (Depths:3)
  An iron troll (Depths:5)
  A shadow wraith (Vaults:5)
  6 naga ritualists
  17 deep trolls
  A cherub (D:15)
  A glowing orange brain (Depths:5)
  A death drake (shapeshifter) (Vaults:4)
  9 sea snakes
  7 ironbound convokers
  A kraken simulacrum (Shoals:4)
  A tengu zombie (Vaults:4)
  2 wizards
  3 orc knights
  11 deep elf zephyrmancers
  11 harpies
  7 deep elf pyromancers
  5 deep elf archers
  5 mana vipers
  2 necromancers
  14 ugly things
  8 manticores
  12 fauns
  A wolf spider (D:15)
  8 elephants
  5 moths of wrath
  4 salamanders
  7 merfolk sirens
  4 guardian serpents (Snake:4)
  6 vault sentinels
  10 naga magi
  An orange demon (Depths:3)
  11 black mambas
  5 water nymphs
  An elf zombie (Vaults:1)
  4 cane toads
  6 yaktaurs
  Maggie (D:8)
  A kobold demonologist (D:13)
  2 komodo dragons
  3 tengu conjurers
  31 merfolk
  A freezing wraith (Vaults:4)
  A tormentor (D:14)
  2 efreet
  A red devil (Depths:3)
  3 wind drakes
  A polar bear (IceCv)
  9 trolls
  A hornet (Depths:2)
  A blink frog (shapeshifter) (Vaults:5)
  A raiju (shapeshifter) (Vaults:5)
  10 blink frogs
  2 dream sheep (Shoals:1)
  11 snapping turtles
  2 redbacks
  6 water elementals
  5 wraiths
  A fire bat (D:13)
  A basilisk (Lair:3)
  33 yaks
  4 hogs (Snake:3)
  4 fire elementals (D:13)
  2 basilisks (shapeshifter) (D:15)
  2 vampire mosquitoes (D:15)
  A warg (Orc:2)
  16 nagas
  A water moccasin (Lair:6)
  A hell hound (D:13)
  10 orc warriors
  A black bear (Lair:3)
  3 boggarts
  5 centaurs
  4 ogres
  2 wolves (IceCv)
  2 human skeletons
  2 bullfrogs
  A water moccasin zombie (D:5)
  A wyvern skeleton (D:6)
  2 wights (D:7)
  3 electric eels
  2 lava snakes
  3 orc priests
  7 orc wizards
  3 hell rats
  A killer bee zombie (D:7)
  A white imp (D:5)
  The ghost of Efficiency the Sneak, a weakling DDDe of Okawaru (D:7)
  20 orcs
  A bush (Lair:6)
  A butterfly (Lair:1)
  7 fungi (Elf:3)
  5 plants
  A tentacle (Shoals:1)
761 creatures vanquished.

Vanquished Creatures (others)
  3 profane servitors
  5 bone dragons
  A draconian monk (Zot:3)
  A spectral draconian (Zot:3)
  9 ghouls
  A spectral storm dragon (Depths:2)
  12 vampire knights
  2 spectral humans
  A tengu warrior (Depths:2)
  2 hell hogs (Depths:3)
  A deep elf knight (Elf:3)
  7 skeletal warriors
  A spectral elf (Vaults:5)
  18 flayed ghosts
  9 phantasmal warriors
  A yaktaur (Vaults:5)
  A tengu conjurer (Depths:2)
  A caustic shrike zombie (Depths:2)
  2 Killer Klown zombies (Zot:5)
  17 flying skulls
  13 vampires
  2 wraiths
  3 quicksilver dragon zombies
  An acid dragon (D:8)
  6 storm dragon zombies
  A titan zombie (Vaults:5)
  2 spark wasp zombies
  2 wyvern zombies (D:8)
  3 shadow dragon zombies
  An iron dragon zombie (Depths:4)
  4 golden dragon zombies
  3 very ugly thing zombies
  5 draconian zombies
  3 fire giant zombies
  A frost giant zombie (Depths:2)
  An anaconda zombie (Snake:4)
  2 wights
  A wolf spider zombie (D:15)
  3 green draconian zombies
  5 yaktaur zombies (Vaults:5)
  2 purple draconian zombies (Zot:3)
  3 black draconian zombies
  2 white draconian zombies (Zot:4)
  A yellow draconian zombie (Zot:3)
  5 stone giant zombies
  A dire elephant zombie (Vaults:4)
  2 hell hog zombies (Depths:3)
  3 red draconian zombies
  A sea snake zombie (Shoals:2)
  6 moth of wrath zombies
  12 ugly thing zombies
  An orc wizard (D:9)
  2 ettin zombies (Depths:1)
  A catoblepas zombie (Lair:6)
  2 ice dragon zombies
  3 death yak zombies
  3 fire dragon zombies
  A ghoul skeleton (Elf:3)
  2 hornet zombies
  A redback zombie (Lair:2)
  2 hog zombies (Snake:3)
  A wind drake zombie (Shoals:4)
  7 deep troll zombies
  4 elephant zombies (Lair:6)
  A faun zombie (Shoals:3)
  2 naga zombies
  4 harpy zombies
  2 merfolk skeletons (Shoals:4)
  2 snapping turtle zombies
  4 black mamba zombies
  A snapping turtle skeleton (Shoals:4)
  A torpor snail zombie (Lair:6)
  8 wolf zombies (IceCv)
  A hell hound zombie (D:13)
  3 komodo dragon zombies (Lair:3)
  A troll zombie (D:9)
  2 basilisk zombies (Lair:3)
  6 blink frog zombies
  22 elf zombies
  A manticore zombie (Shoals:4)
  17 merfolk zombies
  4 polar bear zombies
  6 spriggan zombies
  6 tengu zombies
  A warg zombie (Orc:2)
  4 water moccasin zombies
  6 cane toad zombies
  2 cyclops zombies
  3 ogre zombies
  A sky beast zombie (D:7)
  A black bear zombie (Lair:3)
  5 bullfrog zombies
  4 centaur zombies
  3 gnoll zombies (D:10)
  3 hell rat zombies
  A hound zombie (D:5)
  4 howler monkey zombies
  24 human zombies
  3 kobold zombies (D:6)
  14 orc zombies
  2 scorpion zombies (D:6)
  23 yak zombies
  2 fire vortices (D:13)
  164 fungi
  366 plants
  6 tentacles
  5 withered plants
966 creatures vanquished.

Grand Total: 3030 creatures vanquished

Notes
Turn   | Place    | Note
-------+----------+-------------------------------------------
     0 | D:1      | AarnesTheHuman the Formicid Fighter began the quest for the
                  | Orb.
     0 | D:1      | Reached XP level 1. HP: 18/18 MP: 1/1
   115 | D:1      | Reached XP level 2. HP: 22/24 MP: 2/2
   714 | D:1      | Reached XP level 3. HP: 29/29 MP: 3/3
  1074 | D:2      | Noticed Robin
  1082 | D:2      | Killed Robin
  1177 | D:2      | Noticed Natasha
  1192 | D:2      | Killed Natasha
  1193 | D:2      | Reached XP level 4. HP: 13/37 MP: 4/4
  1389 | D:2      | Noticed Natasha
  1399 | D:2      | Killed Natasha
  1400 | D:2      | Reached skill level 4 in Fighting
  1636 | D:2      | Reached XP level 5. HP: 32/42 MP: 5/5
  2096 | D:2      | Noticed Natasha
  2115 | D:2      | Killed Natasha
  2395 | D:2      | Noticed Sigmund
  2730 | D:3      | Reached XP level 6. HP: 49/49 MP: 6/6
  2780 | D:3      | Found a runed translucent gate.
  2780 | D:3      | Found a runed translucent gate.
  2782 | D:3      | Found a runed translucent gate.
  2790 | D:3      | Noticed hitsuchi's ghost (amateur PaAK)
  3288 | D:4      | Reached skill level 5 in Shields
  3290 | D:4      | Identified a scroll of acquirement
  3290 | D:4      | Acquired a +1 lajatang of electrocution
  3396 | D:4      | Found a basalt altar of Yredelemnul.
  3396 | D:4      | Found a sparkling altar of Nemelex Xobeh.
  3411 | D:4      | Became a worshipper of Yredelemnul the Dark
  3444 | D:4      | Found a staircase to the Ecumenical Temple.
  3552 | D:4      | Noticed a black bear
  3559 | D:4      | Killed a black bear
  3560 | D:4      | Reached XP level 7. HP: 49/55 MP: 7/7
  3717 | D:4      | Reached skill level 5 in Fighting
  3758 | D:4      | Reached skill level 5 in Armour
  4249 | Temple   | Entered the Ecumenical Temple
  4477 | D:5      | Entered Level 5 of the Dungeon
  4504 | D:5      | Reached * piety under Yredelemnul
  4942 | D:4      | Reached XP level 8. HP: 63/63 MP: 8/8
  5478 | D:5      | Found a shimmering blue altar of Sif Muna.
  5894 | D:6      | Reached skill level 6 in Fighting
  6000 | D:6      | Reached skill level 5 in Staves
  6166 | D:6      | Reached skill level 1 in Invocations
  6265 | D:6      | Found a glowing silver altar of Zin.
  6346 | D:6      | Found a hide-covered altar of Uskayaw.
  6484 | D:6      | Reached XP level 9. HP: 62/69 MP: 9/11
  6924 | D:6      | Reached ** piety under Yredelemnul
  7023 | D:6      | Reached skill level 5 in Invocations
  7198 | D:6      | Noticed Eustachio
  7213 | D:6      | Killed Eustachio
  7400 | D:7      | Found Ocwi Raa's Distillery.
  7410 | D:7      | Bought a potion of heal wounds for 65 gold pieces
  7419 | D:7      | Noticed Menkaure
  7423 | D:7      | Killed Menkaure
  7628 | D:7      | Noticed a red ugly thing
  7696 | D:7      | Killed a red ugly thing
  7697 | D:7      | Reached skill level 7 in Fighting
  7697 | D:7      | Reached XP level 10. HP: 79/79 MP: 15/15
  7739 | D:7      | Noticed a six-headed hydra
  7748 | D:7      | Killed a six-headed hydra
  7913 | D:7      | Reached skill level 8 in Fighting
  7965 | D:7      | Found a runed translucent door.
  7966 | D:7      | Noticed a manticore
  7966 | D:7      | Noticed Efficiency's ghost (weakling DDDe)
  7972 | D:7      | Killed Efficiency's ghost
  7974 | D:7      | Killed a manticore
  8103 | D:7      | Bought a potion of heal wounds for 65 gold pieces
  8314 | D:8      | Found a transporter.
  8339 | D:8      | Noticed Psyche
  8344 | D:8      | Killed Psyche
  8385 | D:8      | Found an iron altar of Okawaru.
  8393 | D:8      | Reached *** piety under Yredelemnul
  8435 | D:8      | Noticed Delamore's ghost (novice OpBr)
  8439 | D:8      | Found a transporter.
  8439 | D:8      | Noticed an efreet
  8695 | D:8      | Noticed a two-headed ogre
  8701 | D:8      | Killed a two-headed ogre
  8702 | D:8      | Reached XP level 11. HP: 87/87 MP: 18/18
  8866 | D:8      | Noticed Maggie
  8874 | D:8      | Killed Maggie
  9073 | D:9      | Noticed a death yak
  9076 | D:9      | Noticed a death yak
  9082 | D:8      | Killed a death yak
  9164 | D:9      | Reached skill level 9 in Fighting
  9164 | D:9      | Reached skill level 10 in Invocations
  9210 | D:9      | Noticed a death yak
  9230 | D:8      | Your ally Psyche died
  9233 | D:8      | Killed a death yak
  9258 | D:9      | Killed a death yak
  9280 | D:9      | Found a staircase to the Lair.
  9678 | D:9      | Noticed Maurice
  9682 | D:9      | Killed Maurice
  9682 | D:9      | Reached **** piety under Yredelemnul
  9834 | D:9      | Found Netat's Sacrilege Store.
  9916 | D:9      | Found a staircase to the Orcish Mines.
 10124 | D:10     | Entered Level 10 of the Dungeon
 10659 | D:10     | Reached skill level 10 in Fighting
 10659 | D:10     | Reached XP level 12. HP: 97/97 MP: 20/20
 10709 | D:10     | Found Yrom's Armour Boutique.
 10712 | D:10     | Bought the +0 cloak of Tomorrow {rF+} for 259 gold pieces
 10824 | D:11     | Noticed a boulder beetle
 10839 | D:11     | Killed a boulder beetle
 10903 | D:11     | Noticed Gastronok
 11087 | Lair:1   | Entered Level 1 of the Lair of Beasts
 11171 | Lair:1   | Noticed Sonja
 11201 | Lair:1   | Killed Sonja
 11372 | Lair:1   | Found a runed translucent gate.
 11372 | Lair:1   | Found a runed translucent gate.
 11372 | Lair:1   | Found a runed translucent gate.
 11373 | Lair:1   | Noticed Fesmapux's ghost (journeyman MiBe)
 11374 | Lair:1   | Noticed SnubMonkey's ghost (journeyman FoFi)
 11374 | Lair:1   | Noticed Fesmapux's ghost (journeyman MiBe)
 11459 | Lair:1   | Reached skill level 11 in Fighting
 11782 | Lair:1   | Reached skill level 10 in Staves
 12255 | Lair:2   | Found a runed translucent door.
 12260 | Lair:2   | Received a gift from Yredelemnul (2 flying skulls)
 12279 | Lair:2   | Noticed a seven-headed hydra
 12291 | Lair:2   | Killed a seven-headed hydra
 12293 | Lair:2   | Found a transporter.
 12299 | Lair:2   | Noticed Froggeryz's ghost (journeyman OpVM)
 12319 | Lair:2   | Found a transporter.
 12322 | Lair:2   | Noticed a boulder beetle
 12419 | Lair:2   | Found a frozen archway.
 12428 | Lair:2   | Received a gift from Yredelemnul (5 flying skulls)
 12435 | IceCv    | Entered an ice cave
 12509 | IceCv    | Reached skill level 12 in Fighting
 12514 | IceCv    | Reached XP level 13. HP: 105/108 MP: 21/21
 12630 | IceCv    | Reached ***** piety under Yredelemnul
 12710 | IceCv    | Received a gift from Yredelemnul (3 flying skulls)
 12941 | IceCv    | Noticed an ironbound frostheart
 12941 | IceCv    | Noticed an ironbound frostheart
 12967 | IceCv    | Killed an ironbound frostheart
 12979 | IceCv    | Killed an ironbound frostheart
 12989 | IceCv    | Acquired the amulet of Tiossa {Faith rElec rC+ rN+ Int+8}
 13075 | IceCv    | Received a gift from Yredelemnul (a wight)
 13423 | Lair:2   | Noticed a seven-headed hydra
 13434 | Lair:2   | Killed a seven-headed hydra
 13444 | Lair:2   | Received a gift from Yredelemnul (a wight)
 13487 | Lair:2   | Noticed an eight-headed hydra
 13497 | Lair:2   | Killed an eight-headed hydra
 13700 | Lair:2   | Noticed an eight-headed hydra
 13707 | Lair:2   | Killed an eight-headed hydra
 13821 | Lair:2   | Found a staircase to the Snake Pit.
 14298 | Lair:2   | Found a runed translucent gate.
 14298 | Lair:2   | Found a runed translucent gate.
 14298 | Lair:2   | Found a runed translucent gate.
 14298 | Lair:2   | Found a runed translucent gate.
 14298 | Lair:2   | Found a runed translucent gate.
 14298 | Lair:2   | Found a runed translucent gate.
 14298 | Lair:2   | Noticed a boulder beetle
 14505 | Lair:3   | Reached skill level 1 in Dodging
 14562 | Lair:3   | Reached XP level 14. HP: 110/115 MP: 24/24
 14567 | Lair:3   | Noticed Prince Ribbit
 14582 | Lair:3   | Killed Prince Ribbit
 14603 | Lair:3   | Your ally Prince Ribbit died
 14702 | Lair:3   | Found the +7 pair of quick blades "Gyre" and "Gimble"
                  | {protect}
 14860 | Lair:3   | Received a gift from Yredelemnul (2 flying skulls)
 15306 | Lair:3   | Received a gift from Yredelemnul (a wraith)
 15316 | Lair:3   | Reached skill level 15 in Invocations
 15479 | Lair:3   | Received a gift from Yredelemnul (a vampire)
 15695 | Lair:3   | Received a gift from Yredelemnul (a vampire)
 16317 | Lair:3   | Identified the +10 plate armour of the Curious Tables {rC-
                  | rCorr Int+9 Dex-2}
 17469 | Lair:4   | Found a staircase to the Shoals.
 17506 | Lair:4   | Received a gift from Yredelemnul (5 flying skulls)
 17562 | Lair:4   | Received a gift from Yredelemnul (a vampire)
 17603 | Lair:4   | Reached skill level 10 in Armour
 17974 | Lair:4   | Reached XP level 15. HP: 94/122 MP: 26/26
 19263 | Lair:5   | Noticed Urug
 19277 | Lair:5   | Killed Urug
 19390 | Lair:5   | Reached skill level 13 in Fighting
 19536 | Lair:5   | Found a large runed translucent door.
 19536 | Lair:5   | Found a large runed translucent door.
 19557 | Lair:5   | Noticed peterlawrence's ghost (journeyman MiFi)
 19897 | Lair:5   | Found a shadowy altar of Dithmenos.
 20067 | Lair:6   | Entered Level 6 of the Lair of Beasts
 20103 | Lair:6   | Received a gift from Yredelemnul (a wraith)
 20126 | Lair:6   | Found a staircase to the Slime Pits.
 20126 | Lair:6   | Found a viscous altar of Jiyva.
 20132 | Lair:6   | Found a gate leading to a gauntlet.
 20141 | Lair:6   | Reached ****** piety under Yredelemnul
 20186 | Gauntlet | Entered a Gauntlet
 20186 | Gauntlet | Found a transporter.
 20214 | Gauntlet | Found a transporter.
 20217 | Gauntlet | Found a transporter.
 20218 | Gauntlet | Found a transporter.
 20224 | Gauntlet | Found a runed translucent gate.
 20224 | Gauntlet | Found a runed translucent gate.
 20224 | Gauntlet | Found a runed translucent gate.
 20225 | Gauntlet | Found the +8 demon blade "Leech" {vamp, *Rage +Rage rN+}
 20226 | Gauntlet | Found a transporter.
 20229 | Gauntlet | Found a transporter.
 20230 | Gauntlet | Found a transporter.
 20234 | Gauntlet | Found a runed translucent door.
 20236 | Gauntlet | Found a runed translucent door.
 20238 | Gauntlet | Found a transporter.
 20241 | Gauntlet | Found a transporter.
 20242 | Gauntlet | Found a transporter.
 20250 | Gauntlet | Found a transporter.
 20253 | Gauntlet | Found a transporter.
 20254 | Gauntlet | Found a transporter.
 20270 | Gauntlet | Found a transporter.
 20471 | Gauntlet | Received a gift from Yredelemnul (a vampire)
 20480 | Gauntlet | Identified the +1 hat of Absence {rC++}
 20554 | Gauntlet | Identified the +2 tower shield "Tiwneh" {Rampage Int+7}
 20577 | Gauntlet | Identified the +0 cloak "Laizoax" {Will++ Str+4}
 20902 | Lair:6   | Received a gift from Yredelemnul (a flayed ghost)
 20905 | Lair:6   | Reached skill level 14 in Fighting
 21215 | Lair:6   | Received a gift from Yredelemnul (a skeletal warrior)
 21274 | Lair:6   | Received a gift from Yredelemnul (a flayed ghost)
 21282 | Lair:6   | Reached XP level 16. HP: 133/133 MP: 25/28
 21283 | Lair:6   | Received a gift from Yredelemnul (a phantasmal warrior)
 21379 | Lair:6   | Reached skill level 10 in Shields
 21383 | Lair:6   | Found the ring of the Hare {EV+8}
 22194 | Orc:1    | Entered Level 1 of the Orcish Mines
 22199 | Orc:1    | Received a gift from Yredelemnul (a bone dragon)
 22552 | Orc:1    | Found Ixzax's Weapon Boutique.
 22595 | Orc:2    | Entered Level 2 of the Orcish Mines
 22609 | Orc:2    | Received a gift from Yredelemnul (a flayed ghost)
 22662 | Orc:2    | Found Curaegh's General Store.
 22662 | Orc:2    | Found a staircase to the Elven Halls.
 22749 | Orc:2    | Found Dirah Ili's Antique Armour Shoppe.
 22771 | Orc:2    | Found Fuevuer's Antique Weapon Shop.
 23083 | Orc:2    | Found Pogoph's Book Shoppe.
 23102 | Orc:2    | Received a gift from Yredelemnul (a flayed ghost)
 23638 | D:11     | Reached skill level 15 in Fighting
 23748 | D:11     | Killed Gastronok
 25312 | D:12     | Received a gift from Yredelemnul (a bone dragon)
 25641 | D:13     | Noticed Azrael
 25647 | D:13     | Killed Azrael
 25685 | D:13     | Noticed Josephine
 25689 | D:13     | Received a gift from Yredelemnul (a vampire)
 25692 | D:13     | Killed Josephine
 25708 | D:13     | You fall into a shaft and drop 2 floors!
 25708 | D:15     | Entered Level 15 of the Dungeon
 26060 | D:13     | Noticed Erolcha
 26064 | D:13     | Killed Erolcha
 26066 | D:13     | Identified the +5 battleaxe of the Ghost {drain, rF- rN+
                  | rCorr}
 26366 | D:13     | Found a gate to the Vaults.
 26683 | D:14     | Received a gift from Yredelemnul (a flayed ghost)
 26778 | D:14     | Reached XP level 17. HP: 100/143 MP: 29/29
 27330 | D:14     | Found Lepaosh's Antique Armour Shop.
 27564 | D:14     | Found an opulent altar of Gozag.
 27838 | D:15     | Killed Jorgrun
 27930 | D:15     | Found a staircase to the Depths.
 27967 | D:15     | Reached skill level 16 in Fighting
 28182 | D:15     | Received a gift from Yredelemnul (a flayed ghost)
 28259 | D:15     | Found an ancient bone altar of Kikubaaqudgha.
 28705 | Shoals:1 | Entered Level 1 of the Shoals
 28764 | Shoals:1 | You fall into a shaft and drop 1 floor!
 28830 | Shoals:2 | Received a gift from Yredelemnul (a flayed ghost)
 28949 | Shoals:2 | Found a runed translucent door.
 28949 | Shoals:2 | Found a shimmering altar of Xom.
 28949 | Shoals:2 | Noticed RedRedRas's ghost (adept SpEn)
 29049 | Shoals:2 | Received a gift from Yredelemnul (a bone dragon)
 29062 | Shoals:2 | Identified the +1 chain mail of Forking Paths {+Blink Str+3
                  | Dex+4}
 29128 | Shoals:2 | Received a gift from Yredelemnul (a vampire)
 29254 | Shoals:2 | Found Ragryso's Magic Scroll Boutique.
 29262 | Shoals:2 | Bought a scroll of enchant weapon for 135 gold pieces
 29533 | Shoals:1 | Noticed a kraken
 29539 | Shoals:1 | Killed a kraken
 29813 | Shoals:1 | Received a gift from Yredelemnul (a flayed ghost)
 30127 | Shoals:1 | Reached skill level 17 in Fighting
 30443 | Shoals:1 | Received a gift from Yredelemnul (a phantasmal warrior)
 30787 | Shoals:3 | Received a gift from Yredelemnul (a skeletal warrior)
 31145 | Shoals:4 | Entered Level 4 of the Shoals
 31145 | Shoals:4 | Found Arakoef's Antique Armour Emporium.
 31158 | Shoals:4 | Received a gift from Yredelemnul (a vampire knight)
 31210 | Shoals:4 | Received a gift from Yredelemnul (a vampire)
 31213 | Shoals:4 | Reached XP level 18. HP: 106/155 MP: 31/31
 32722 | Shoals:4 | Identified the ring of Ezal {rN+ rCorr}
 32888 | Shoals:4 | Received a gift from Yredelemnul (a vampire knight)
 33158 | Shoals:4 | Got a barnacled rune of Zot
 33782 | Orc:2    | Bought a Young Poisoner's Handbook for 200 gold pieces
 33785 | Orc:2    | Learned a level 2 spell: Poisonous Vapours
 33790 | Orc:2    | Learned a level 4 spell: Olgreb's Toxic Radiance
 33922 | Snake:1  | Entered Level 1 of the Snake Pit
 33927 | Snake:1  | Noticed Aizul
 33929 | Snake:1  | Noticed Donald
 33937 | Snake:1  | Killed Aizul
 33938 | Snake:1  | Received a gift from Yredelemnul (a skeletal warrior)
 33938 | Snake:1  | Reached skill level 1 in Poison Magic
 33940 | Snake:1  | Killed Donald
 33940 | Snake:1  | Enslaved Donald
 34045 | Snake:1  | Reached skill level 1 in Spellcasting
 34344 | Snake:1  | Received a gift from Yredelemnul (a skeletal warrior)
 35039 | Snake:1  | Found Foryruruo's General Store.
 35607 | Snake:2  | Received a gift from Yredelemnul (a flayed ghost)
 35828 | Snake:2  | Reached skill level 5 in Poison Magic
 35904 | Snake:2  | You fall into a shaft and drop 1 floor!
 36521 | Snake:2  | Received a gift from Yredelemnul (a vampire knight)
 37295 | Snake:3  | Reached skill level 5 in Spellcasting
 37499 | Snake:3  | Noticed Kirke
 37506 | Snake:3  | Received a gift from Yredelemnul (a ghoul)
 37506 | Snake:3  | Reached XP level 19. HP: 147/162 MP: 30/32
 37508 | Snake:3  | Killed Kirke
 38390 | Snake:4  | Entered Level 4 of the Snake Pit
 38431 | Snake:4  | Reached skill level 15 in Shields
 38725 | Snake:4  | Received a gift from Yredelemnul (a flayed ghost)
 38802 | Snake:4  | Reached skill level 18 in Fighting
 39015 | Snake:4  | Found a hide-covered altar of Uskayaw.
 39088 | Snake:4  | Received a gift from Yredelemnul (a phantasmal warrior)
 40184 | Snake:4  | Got a serpentine rune of Zot
 40330 | Snake:1  | Bought +0 gold dragon scales for 1600 gold pieces
 40623 | Depths:1 | Entered Level 1 of the Depths
 40706 | Vaults:1 | Entered Level 1 of the Vaults
 40812 | Vaults:1 | Received a gift from Yredelemnul (a ghoul)
 41412 | Vaults:1 | Noticed an Ice Fiend
 41799 | Vaults:1 | Received a gift from Yredelemnul (a vampire knight)
 42096 | Vaults:1 | Received a gift from Yredelemnul (a vampire)
 42622 | Vaults:1 | Reached XP level 20. HP: 172/172 MP: 33/33
 42698 | Vaults:2 | Reached XP level 21. HP: 178/178 MP: 34/34
 42706 | Vaults:2 | Found a staircase to the Crypt.
 42766 | Vaults:2 | Received a gift from Yredelemnul (a flayed ghost)
 43286 | Vaults:2 | Received a gift from Yredelemnul (a vampire knight)
 43335 | Vaults:2 | Received a gift from Yredelemnul (a phantasmal warrior)
 43335 | Vaults:2 | Reached skill level 19 in Fighting
 43576 | Vaults:2 | Found Owoklew's Jewellery Shop.
 43659 | Vaults:2 | Reached skill level 10 in Poison Magic
 44039 | Vaults:3 | Found the +15 Maxwell's patent armour {-Cast -Tele rElec
                  | Will+ rCorr}
 44203 | Vaults:3 | Found Zipriycw's Assorted Antiques.
 44211 | Vaults:3 | Bought a scroll of enchant armour for 165 gold pieces
 45254 | Vaults:4 | Found Pownamim's Jewellery Emporium.
 45285 | Vaults:4 | Received a gift from Yredelemnul (a flayed ghost)
 45286 | Vaults:4 | Reached skill level 5 in Dodging
 45429 | Vaults:4 | Received a gift from Yredelemnul (a skeletal warrior)
 45489 | Vaults:4 | Identified the +6 scimitar of the Eternal Void {drain,
                  | rElec rPois rCorr Str-4}
 45492 | Vaults:4 | Identified the +8 chain mail of Xitrem {Int+2 Slay+3}
 45523 | Vaults:4 | Received a gift from Yredelemnul (a vampire)
 45582 | Vaults:4 | Found Napo's Armour Emporium.
 45844 | Vaults:4 | Noticed a dread lich
 45846 | Vaults:4 | Received a gift from Yredelemnul (a ghoul)
 45874 | Vaults:4 | Killed a dread lich
 45875 | Vaults:4 | Reached XP level 22. HP: 182/188 MP: 22/35
 45950 | Vaults:4 | Found Ygesann's Magic Scroll Shop.
 45951 | Vaults:4 | Found Mehas's Jewellery Shop.
 46073 | Vaults:4 | Found Zaseug's Armour Shop.
 46211 | Vaults:4 | Reached skill level 15 in Armour
 46307 | Vaults:4 | Found a runed translucent gate.
 46307 | Vaults:4 | Found a runed translucent gate.
 46307 | Vaults:4 | Found an ancient bone altar of Kikubaaqudgha.
 46307 | Vaults:4 | Noticed a dread lich
 46307 | Vaults:4 | Noticed a dread lich
 46307 | Vaults:4 | Noticed an ancient lich
 46307 | Vaults:4 | Noticed Tang's ghost (master DsGl)
 46316 | Vaults:4 | Found a runed translucent gate.
 46763 | Vaults:1 | Received a gift from Yredelemnul (a ghoul)
 46985 | Elf:1    | Entered Level 1 of the Elven Halls
 47253 | Elf:1    | Received a gift from Yredelemnul (a ghoul)
 47531 | Elf:1    | Reached skill level 20 in Fighting
 47646 | Elf:1    | Found Zanwius's Armour Emporium.
 47656 | Elf:1    | Found a portal to a secret trove of treasure.
 47890 | Elf:1    | Received a gift from Yredelemnul (a phantasmal warrior)
 48128 | Elf:2    | Found Fevae's Distillery.
 48153 | Elf:2    | Received a gift from Yredelemnul (a flayed ghost)
 48559 | Elf:2    | Found a runed translucent gate.
 48559 | Elf:2    | Found a runed translucent gate.
 48560 | Elf:2    | Found a runed translucent gate.
 48786 | Elf:2    | Received a gift from Yredelemnul (a skeletal warrior)
 48952 | Elf:2    | Received a gift from Yredelemnul (a ghoul)
 49167 | Elf:3    | Entered Level 3 of the Elven Halls
 49395 | Elf:3    | Identified Roxanne's Handbook of Transformation
 49395 | Elf:3    | Noticed Roxanne
 49417 | Elf:3    | Killed Roxanne
 49422 | Elf:3    | Received a gift from Yredelemnul (a ghoul)
 49551 | Elf:3    | Identified the +7 spear "Lasu" {venom, rElec Int+3 Dex+2}
 49563 | Elf:3    | Your ally Donald died
 49946 | Elf:3    | Found the +2 hat of the Bear Spirit {Spirit, +Rage rN+
                  | Will++}
 49961 | Elf:3    | Received a gift from Yredelemnul (a vampire)
 49961 | Elf:3    | Reached XP level 23. HP: 113/198 MP: 37/37
 49963 | Elf:3    | Got the Grimoire of the Escort and the Oath
 49965 | Elf:3    | Identified the +2 chain mail of the Ego {rPois Slay-5 SInv}
 50626 | Elf:3    | Identified the +3 pair of boots of the Six Shouting Souls
                  | {Harm rC++ Str-5}
 50642 | Elf:3    | Identified the +5 great mace of Oxto Oti {drain, Dex+2}
 50649 | Elf:3    | Identified the ring "Xenuhept" {Wiz Dex+2}
 50661 | Elf:3    | Identified the +2 leather armour of the Shore {Harm}
 50744 | Elf:3    | Identified the +1 leather armour of the Valley of Death
                  | {Rampage rF++ rC- rCorr}
 50745 | Elf:3    | Identified the +5 lajatang of Nugexzo {vorpal, Will++}
 51205 | Depths:1 | Found Zin's Purification Station.
 51206 | Depths:1 | Noticed Nikola
 51218 | Depths:1 | Killed Nikola
 51218 | Depths:1 | Enslaved Nikola
 51221 | Depths:1 | Found a glowing silver altar of Zin.
 51244 | Depths:1 | Received a gift from Yredelemnul (a vampire knight)
 51764 | Depths:1 | Reached skill level 21 in Fighting
 51842 | Depths:1 | Received a gift from Yredelemnul (a flayed ghost)
 51877 | Depths:1 | Your ally Nikola died
 52196 | Depths:1 | Received a gift from Yredelemnul (a flayed ghost)
 52338 | Depths:1 | Identified the +6 quarterstaff of Compound Interest {flame,
                  | Will++ rCorr}
 52421 | Depths:1 | Found a gateway to Hell.
 52615 | Depths:1 | Reached XP level 24. HP: 208/208 MP: 37/37
 52703 | Depths:2 | Received a gift from Yredelemnul (a vampire)
 52722 | Depths:2 | Noticed a caustic shrike
 52722 | Depths:2 | Noticed a caustic shrike
 52722 | Depths:2 | Noticed a caustic shrike
 52722 | Depths:2 | Noticed a caustic shrike
 52728 | Depths:2 | Killed a caustic shrike
 52732 | Depths:2 | Killed a caustic shrike
 52738 | Depths:2 | Killed a caustic shrike
 52749 | Depths:2 | Killed a caustic shrike
 52964 | Depths:2 | Reached skill level 22 in Fighting
 53153 | Depths:2 | Found Masiexzat's Weapon Emporium.
 53158 | Depths:2 | Found Hiagio's Magic Scroll Shoppe.
 53246 | Depths:2 | Received a gift from Yredelemnul (a ghoul)
 53379 | Depths:2 | Noticed Bai Suzhen
 53398 | Depths:2 | Killed Bai Suzhen
 53398 | Depths:2 | Enslaved Bai Suzhen
 53413 | Depths:2 | Your ally Bai Suzhen died
 53429 | Depths:2 | Reached XP level 25. HP: 139/217 MP: 4/38
 54103 | Depths:2 | Found a gateway to a ziggurat.
 54107 | Depths:2 | Received a gift from Yredelemnul (a bone dragon)
 54554 | Depths:3 | Found a one-way gate leading to the halls of Pandemonium.
 54563 | Depths:3 | Gained mutation: Your body sometimes deteriorates upon
                  | taking damage. [a neqoxec]
 54576 | Depths:3 | Learned a level 3 spell: Ignite Poison
 54580 | Depths:3 | Learned a level 3 spell: Frozen Ramparts
 54909 | Depths:3 | Reached skill level 1 in Ice Magic
 56203 | Depths:3 | Received a gift from Yredelemnul (a bone dragon)
 56772 | Shoals:2 | Bought 2 scrolls of enchant armour for 270 gold pieces
 57087 | Elf:1    | You paid a toll of +3 gold dragon scales to enter a
                  | treasure trove
 57088 | Trove    | Entered a treasure trove
 57100 | Trove    | Identified the +1 robe of Filth {Contam Harm Regen+ Stlth+}
 57134 | Trove    | Identified the amulet "Mauseasch" {Faith rF+}
 57186 | Elf:1    | Reached XP level 26. HP: 226/226 MP: 38/38
 58489 | Depths:4 | Noticed a juggernaut
 58515 | Depths:4 | Killed a juggernaut
 58519 | Depths:4 | Reached skill level 23 in Fighting
 58562 | Depths:4 | Received a gift from Yredelemnul (a vampire)
 58671 | Depths:4 | Received a gift from Yredelemnul (a vampire knight)
 58884 | Depths:4 | Found a one-way gate to the infinite horrors of the Abyss.
 60039 | Depths:5 | Entered Level 5 of the Depths
 60047 | Depths:5 | Received a gift from Yredelemnul (a vampire knight)
 60244 | Depths:5 | Received a gift from Yredelemnul (a vampire)
 60269 | Depths:5 | Received a gift from Yredelemnul (a ghoul)
 60552 | Depths:5 | Reached skill level 24 in Fighting
 60652 | Depths:5 | Reached XP level 27. HP: 238/238 MP: 38/38
 60662 | Depths:5 | Received a gift from Yredelemnul (a skeletal warrior)
 60696 | Depths:5 | Found a gate to the Realm of Zot.
 61193 | Vaults:5 | Entered Level 5 of the Vaults
 61197 | Vaults:5 | Noticed an ancient lich
 61199 | Vaults:5 | Received a gift from Yredelemnul (a phantasmal warrior)
 61214 | Vaults:5 | Killed an ancient lich
 61451 | Vaults:5 | Received a gift from Yredelemnul (a phantasmal warrior)
 61528 | Vaults:5 | Noticed an ancient lich
 61548 | Vaults:5 | Killed an ancient lich
 61566 | Vaults:5 | Received a gift from Yredelemnul (a vampire knight)
 61680 | Vaults:5 | Noticed an ancient lich
 61691 | Vaults:5 | Killed an ancient lich
 61692 | Vaults:5 | Reached skill level 25 in Fighting
 61756 | Vaults:5 | Received a gift from Yredelemnul (a ghoul)
 62133 | Vaults:5 | Identified the ring of Jaeb Loa {rPois Will+}
 62155 | Vaults:5 | Identified the +8 demon trident "Puelam" {freeze, rCorr}
 62553 | Vaults:5 | Got a silver rune of Zot
 62576 | Vaults:5 | Received a gift from Yredelemnul (a vampire knight)
 62741 | Vaults:5 | Noticed an ancient lich
 62755 | Vaults:5 | Killed an ancient lich
 63475 | Vaults:5 | Identified the ring "Kaas" {rCorr Str+3}
 63493 | Vaults:5 | Identified the +9 scimitar of a volcano {elec, rN+}
 63778 | Vaults:5 | Got the Incunabulum of Dust
 63792 | Vaults:5 | Received a gift from Yredelemnul (a flayed ghost)
 64145 | Zot:1    | Entered Level 1 of the Realm of Zot
 64450 | Zot:1    | Received a gift from Yredelemnul (a profane servitor)
 64839 | Zot:1    | Reached skill level 26 in Fighting
 65600 | Zot:1    | Received a gift from Yredelemnul (a phantasmal warrior)
 66084 | Zot:2    | Received a gift from Yredelemnul (a vampire knight)
 66345 | Zot:2    | Found the +4 dragonskin cloak
 66345 | Zot:2    | Noticed Tiamat
 66835 | Zot:1    | Killed Tiamat
 66835 | Zot:1    | Enslaved Tiamat
 67364 | Zot:2    | Received a gift from Yredelemnul (a phantasmal warrior)
 68048 | Zot:3    | Your ally Tiamat died
 68055 | Zot:3    | Received a gift from Yredelemnul (a profane servitor)
 68584 | Zot:3    | Received a gift from Yredelemnul (a profane servitor)
 68858 | Zot:3    | Received a gift from Yredelemnul (a flayed ghost)
 69193 | Zot:3    | Reached skill level 27 in Fighting
 70433 | Zot:5    | Entered Level 5 of the Realm of Zot
 70485 | Zot:5    | Noticed a Killer Klown
 70495 | Zot:5    | Killed a Killer Klown
 70619 | Zot:5    | Received a gift from Yredelemnul (a vampire knight)
 71416 | Zot:5    | Noticed a Killer Klown
 71429 | Zot:5    | Killed a Killer Klown
 71477 | Zot:5    | Received a gift from Yredelemnul (a flayed ghost)
 71478 | Zot:5    | Noticed an orb of fire
 71480 | Zot:5    | Noticed an orb of fire
 71482 | Zot:5    | Noticed an orb of fire
 71486 | Zot:5    | Gained mutation: Potions are less effective at restoring
                  | your health. [an orb of fire]
 71637 | Zot:5    | Noticed an orb of fire
 71653 | Zot:5    | Gained mutation: You are weak. (Str -2) [an orb of fire]
 71654 | Zot:5    | Gained mutation: You are frail. (-10% HP) [an orb of fire]
 71655 | Zot:5    | Gained mutation: Your spells are a little easier to cast,
                  | but a little less powerful. [an orb of fire]
 71833 | Zot:5    | Gained mutation: Your magical capacity is low. (-10% MP)
                  | [an orb of fire]
 71854 | Zot:4    | Killed an orb of fire
 71997 | Zot:5    | Noticed an orb of fire
 71999 | Zot:5    | Gained mutation: You sometimes lose the ability to read
                  | scrolls when taking damage. [an orb of fire]
 72004 | Zot:4    | Gained mutation: You are very frail. (-20% HP) [an orb of
                  | fire]
 72012 | Zot:4    | Gained mutation: You are dopey. (Int -2) [an orb of fire]
 72024 | Zot:4    | Killed an orb of fire
 72025 | Zot:4    | Lost mutation: Potions are less effective at restoring your
                  | health. [potion of mutation]
 72025 | Zot:4    | Lost mutation: You are very frail. (-20% HP) [potion of
                  | mutation]
 72430 | Zot:4    | Gained mutation: You occasionally shout uncontrollably at
                  | your foes. [an orb of fire]
 72434 | Zot:4    | Gained mutation: You are agile. (Dex +2) [an orb of fire]
 72434 | Zot:4    | Gained mutation: You frequently scream uncontrollably at
                  | your foes. [an orb of fire]
 72435 | Zot:4    | Killed an orb of fire
 72598 | Zot:5    | Lost mutation: You are agile. (Dex +2) [an orb of fire]
 72601 | Zot:5    | Gained mutation: You have very sharp teeth. [an orb of
                  | fire]
 72616 | Zot:5    | Gained mutation: You are very frail. (-20% HP) [an orb of
                  | fire]
 72622 | Zot:5    | Gained mutation: You are extremely frail. (-30% HP) [an orb
                  | of fire]
 72623 | Zot:5    | Gained mutation: You are very dopey. (Int -4) [an orb of
                  | fire]
 72624 | Zot:5    | Gained mutation: Armour fits poorly on your strangely
                  | shaped body. [an orb of fire]
 72630 | Zot:5    | Killed an orb of fire
 72630 | Zot:5    | Noticed a Killer Klown
 72640 | Zot:5    | Killed a Killer Klown
 72857 | Zot:5    | Noticed a Killer Klown
 72877 | Zot:4    | Lost mutation: You sometimes lose the ability to read
                  | scrolls when taking damage. [potion of mutation]
 72877 | Zot:4    | Lost mutation: Armour fits poorly on your strangely shaped
                  | body. [potion of mutation]
 72877 | Zot:4    | Lost mutation: Your spells are a little easier to cast, but
                  | a little less powerful. [potion of mutation]
 72877 | Zot:4    | Lost mutation: You are extremely frail. (-30% HP) [potion
                  | of mutation]
 72877 | Zot:4    | Lost mutation: You are weak. (Str -2) [potion of mutation]
 72878 | Zot:4    | Lost mutation: Your magical capacity is low. (-10% MP)
                  | [potion of mutation]
 72878 | Zot:4    | Lost mutation: You have very sharp teeth. [potion of
                  | mutation]
 72878 | Zot:4    | Gained mutation: Your body often deteriorates upon taking
                  | damage. [potion of mutation]
 72878 | Zot:4    | Lost mutation: You are very dopey. (Int -4) [potion of
                  | mutation]
 72906 | Zot:5    | Killed a Killer Klown
 73665 | Zot:5    | Gained mutation: You are weak. (Str -2) [an orb of fire]
 73668 | Zot:5    | Killed an orb of fire
 74265 | Zot:5    | Received a gift from Yredelemnul (a bone dragon)
 74273 | Zot:5    | Reached skill level 10 in Dodging
 74959 | Zot:5    | Noticed a Killer Klown
 74996 | Zot:5    | Killed a Killer Klown
 75172 | Zot:5    | Noticed an ancient lich
 75191 | Zot:5    | Killed an ancient lich
 75196 | Zot:5    | Received a gift from Yredelemnul (a bone dragon)
 75614 | Zot:5    | Noticed a Killer Klown
 75638 | Zot:5    | Received a gift from Yredelemnul (a flayed ghost)
 75645 | Zot:5    | Killed a Killer Klown
 78938 | D:2      | Killed Sigmund
 79424 | Zot:5    | Got the Orb of Zot
 79481 | Zot:5    | Noticed Laapitoa the pandemonium lord
 79720 | D:15     | Noticed Zuffexye the pandemonium lord
 79747 | D:14     | Killed Zuffexye the pandemonium lord
 79754 | D:14     | Received a gift from Yredelemnul (a vampire)
 79828 | D:10     | Noticed Wulanwim the pandemonium lord
 79985 | D:1      | Received a gift from Yredelemnul (a vampire)
 80031 | D:$      | Escaped with the Orb!

Illustrated notes

Levels and vault maps discovered:
D:1:      amcnicky_arrival_choice, layout_basic, minmay_pentomino_q2
D:2:      layout_basic, shapermc_ecumenical_altar_flowoftime,
          kennysheep_generic_room_15, uniq_natasha, uniq_robin, uniq_sigmund
D:3:      kb_forest_paths, layout_rooms, gammafunk_ghost_split
D:4:      layout_cave_pods, jmf_multi_god_temple, minmay_temple_entry_water_ring
D:5:      layout_basic, mainiacjoe_overflow_24_doors, serial_corexii_hall,
          chequers_hall_statues_y, corexii_hall_statues_t
D:6:      layout_basic, mainiacjoe_overflow_large_starburst,
          minmay_fractal_squares_diagonal_5, uniq_eustachio
D:7:      cheibrodos_two_vegetables, layout_basic, serial_shops,
          nicolae_shop_trees, ebering_ghost_inner_flame, chequers_mini_garden,
          uniq_menkaure
D:8:      layout_loops_corners, okawaru_metal_pillars_1_2, nzn_ghost_randoct,
          uniq_maggie, uniq_psyche
D:9:      layout_irregular_city, dpeg_lair_monsters, david_orc_4,
          minmay_misc_feat_cross, nicolae_evil_shop, uniq_maurice
D:10:     layout_basic, serial_shops, kennysheep_mini_moat, dk_noncrumbling_4
D:11:     layout_loops_ring, minmay_strange_pillars, uniq_gastronok
D:12:     layout_rooms, nrook_campfire, minmay_misc_feat_roman
D:13:     layout_cross, erik_vaults_1, hangedman_incinerator, uniq_azrael,
          uniq_erolcha, uniq_josephine
D:14:     layout_basic, grunt_gozag_breadcrumbs, serial_shops,
          nicolae_shop_behind_doors
D:15:     grunt_enter_depths_giant_problem, layout_cave_pools,
          kiku_gazebo_pond_becter, uniq_jorgrun
Temple:   eino_temple_rhombus
Lair:1:   layout_gridlike, gammafunk_ghost_cemetery, serial_forest,
          infiniplex_forest_end_2, infiniplex_forest_lined_3,
          infiniplex_forest_lined_1, infiniplex_forest_end_1,
          infiniplex_forest_clump_medium, infiniplex_forest_split,
          beast_lair_carwin_9, lemuel_fruit_fields, uniq_sonja
Lair:2:   gammafunk_indiana_jones, layout_cave_pods,
          guppyfry_snake_entry_garden, portal_ice_cave_demonic_guard,
          gammafunk_ghost_arena, nicolae_quartered_pool_medium
Lair:3:   nzn_winding_woodlands_huge [nzn_winding_woodlands_5x15_pockets,
          nzn_winding_woodlands_5x15_longhouse,
          nzn_winding_woodlands_5x15_default,
          nzn_winding_woodlands_5x15_split_checker,
          nzn_winding_woodlands_5x15_concentric,
          nzn_winding_woodlands_5x15_twine,
          nzn_winding_woodlands_5x15_sidewinder,
          nzn_winding_woodlands_5x15_river_crossing,
          nzn_winding_woodlands_5x15_garden, nzn_winding_woodlands_5x15_cabin,
          nzn_winding_woodlands_center_triple_pond,
          nzn_winding_woodlands_center_pierced_h,
          nzn_winding_woodlands_15x15_thick_spiral], layout_misc_corridors,
          uniq_prince_ribbit2
Lair:4:   layout_layer_cave, elwin_shoals_entry_rocks, nzn_random_ring,
          serial_bayou_shore_a
Lair:5:   layout_roguey, ebering_ghost_disaster_area, basic_altar, minivault_19,
          eino_small_chamber_without_monster, grunt_megastairs_3, uniq_urug
Lair:6:   evilmike_catoblepas_cave, layout_regular_city, slime_altar_1,
          gauntlet_entry_generic, chequers_serial_rivers_room_b,
          grunt_megastairs_2, infiniplex_staircase_pool_2
Shoals:1: layout_shoals, nicolae_shoals_mertower
Shoals:2: layout_shoals, serial_shops, shop, ebering_ghost_xom
Shoals:3: layout_shoals, nicolae_shoals_lost_giant_baths
Shoals:4: shoals_end_grunt_ice, layout_shoals, serial_shops,
          nicolae_diamond_shop
Snake:1:  nicolae_snake_crotalidae_crossing, layout_chambers, serial_shops,
          shop, special_room, serial_bayou_pond_e, uniq_aizul, uniq_donald
Snake:2:  layout_grid_shapes, nicolae_snake_single_loop, grunt_ministairs_11,
          lemuel_fruit_tree
Snake:3:  layout_onion_interference, uniq_kirke
Snake:4:  grunt_snake_rune_pools, layout_cave_town, basic_altar,
          grunt_ministairs_4
Orc:1:    layout_caves, serial_shops, nicolae_shop_behind_doors
Orc:2:    grunt_orc_gardens, layout_caves, grunt_orc_garden, grunt_orc_garden,
          grunt_orc_garden, grunt_orc_garden
Elf:1:    elf_arrival_002, layout_geoelf_octagon, enter_trove_2, serial_shops,
          shop, hangedman_elven_crosses_minicolossus, grunt_ministairs_6,
          drop_trap
Elf:2:    nicolae_elf_blades_splatter_lattice [infiniplex_blade_entry_pillars],
          layout_rooms, serial_shops, nicolae_shop_waterfront
Elf:3:    minmay_elf_hall_dome, layout_geoelf_diagonals, nicolae_wwwww,
          uniq_roxanne
Vaults:1: v_misc_33, st_squares, nicolae_vaults_twisting_passages,
          nicolae_vaults_little_squares_4, v_misc_1, nicolae_vaults_what_the_h,
          vaults_mumra_chevron_long, v_misc_11, ontoclasm_vaults_ligature,
          nicolae_vaults_little_squares_6, layout_vaults_chaotic_city
Vaults:2: hangedman_vaults_hat, nicolae_vaults_alarming,
          minmay_crypt_entry_simple_sparse, vaults_room_grunt_arrival_ludios,
          v_misc_26, ontoclasm_vaults_chip, hangedman_vaults_unwind,
          nicolae_vaults_c_with_doors, v_alt_pattern_1, vaults_dpeg_cross,
          layout_vaults_omnicross, serial_shops, shop
Vaults:3: v_misc_3, ontoclasm_vaults_decontamination, v_pattern_3,
          layout_vaults_quadrants, serial_shops, shop_fountains
Vaults:4: gammafunk_vaults_ghost_crypt, vaults_mumra_bighexcomb,
          hangedman_vaults_variations, vaults_dpeg_encased_lava,
          grunt_vaults_hallway_long, nicolae_vaults_puzzle_piece,
          v_alt_pattern_4, ontoclasm_vaults_idyll, v_misc_25,
          nicolae_vaults_theta, ontoclasm_vaults_twist, vaults_room_fours,
          layout_vaults_omnibox, serial_shops, nicolae_shop_stone, shop, shop,
          nicolae_shop_behind_doors, nicolae_diamond_shop
Vaults:5
Depths:1: layout_gridlike, kennysheep_donut, pf_hell_entry_great_geh,
          minmay_door_square, zin_purify, grunt_megastairs_1, uniq_nikola
Depths:2: thingy_vault, layout_twisted_cross, enter_ziggurat_e, hellmouth_1,
          moated_statue, minmay_shoptagon, infiniplex_staircase_hallway_doors,
          firewood_loft, uniq_bai_suzhen
Depths:3: minmay_crescents, layout_basic, grunt_hell_horde,
          rand_demon_pan_entry_5, serial_corexii_hall,
          chequers_hall_statues_wall_a, corexii_hall_statues_u
Depths:4: minmay_distorted_concentric_squares, layout_small_grid, hell_entry,
          minmay_staircase_windowed_small, abyss_entry_crystal
Depths:5: grunt_twist_and_shout, layout_cave_pools, hell_entry,
          patterned_corridor
Zot:1:    layout_gridlike
Zot:2:    layout_gridlike, uniq_tiamat
Zot:3:    layout_onion_interference, hangedman_hellfire_club
Zot:4:    layout_twisted_circle
Zot:5:    layout_misc_corridors

Skill      XL: |  1  2  3  4  5  6  7  8  9 10 11 12 13 14 15 16 17 18 19 20 21 22 23 24 25 26 27 |
---------------+----------------------------------------------------------------------------------+-----
Shields        | 4 5 6 8 9 12 14 15 | 15.0
Fighting       | 4 5 6 7 8 10 12 14 15 17 18 19 20 21 22 24 27 | 27.0
Armour         | 4 5 6 8 9 10 12 13 14 15 16 20 | 20.0
Staves         | 3 4 5 6 7 9 11 12 13 14 | 14.0
Invocations    | 2 7 9 11 13 15 16 18 19 20 21 22 23 26 | 26.0
Dodging        | 1 2 4 5 7 12 | 12.6
Poison Magic   | 5 8 11 12 | 12.0
Spellcasting   | 5 6 7 |  7.0
Ice Magic      | 6 7 |  7.0

Action                   |  1- 3 |  4- 6 |  7- 9 | 10-12 | 13-15 | 16-18 | 19-21 | 22-24 | 25-27 || total
-------------------------+-------+-------+-------+-------+-------+-------+-------+-------+-------++-------
Melee: Quarterstaff      |    80 |   124 |       |     8 |    55 |     8 |       |       |    13 ||   288
       Lajatang          |       |    20 |   255 |   331 |   691 |   890 |   562 |   713 |  1427 ||  4889
 Fire: Hunting sling     |       |       |     5 |     4 |       |       |       |       |       ||     9
Throw: Dart              |       |     1 |     3 |     2 |       |       |       |     1 |     2 ||     9
 Cast: Poisonous Vapours |       |       |       |       |       |     2 |     1 |       |       ||     3
       Olgreb's Toxic Ra |       |       |       |       |       |       |    20 |    45 |    71 ||   136
       Frozen Ramparts   |       |       |       |       |       |       |       |       |    29 ||    29
       Ignite Poison     |       |       |       |       |       |       |       |       |    18 ||    18
Invok: Animate Remains   |       |       |    20 |     5 |       |       |       |       |       ||    25
       Animate Dead      |       |       |       |    30 |    77 |   107 |    59 |    50 |    90 ||   413
       Drain Life        |       |       |       |       |     5 |     3 |     1 |     3 |    10 ||    22
       Recall Undead Sla |       |       |       |       |     5 |    13 |     9 |     6 |    32 ||    65
       Enslave Soul      |       |       |       |       |       |     1 |       |     2 |     4 ||     7
 Abil: Dig               |       |       |     2 |     8 |     1 |     5 |     3 |     9 |    16 ||    44
Evoke: Wand              |       |       |     2 |     8 |       |       |       |     1 |     1 ||    12
  Use: Scroll            |       |     4 |     4 |    15 |    10 |     3 |    11 |     1 |    21 ||    69
       Potion            |       |       |       |     1 |     1 |       |     1 |     3 |     7 ||    13
 Stab: Distracted        |       |       |       |       |     9 |     9 |     7 |     4 |    20 ||    49
       Paralysed         |       |       |       |       |       |     3 |     1 |     2 |       ||     6
Armor: Scale mail        |    31 |    41 |       |       |       |       |       |       |       ||    72
       Plate armour      |       |    13 |   125 |   125 |   276 |   302 |    46 |       |       ||   887
       Chain mail        |       |       |       |       |    86 |       |       |       |       ||    86
       Gold dragon scale |       |       |       |       |       |       |   124 |   149 |   415 ||   688
Dodge: Dodged            |     9 |    37 |    66 |    80 |   152 |   145 |    83 |   143 |   419 ||  1134
Block: Kite shield       |    32 |    64 |   203 |   200 |   352 |       |       |       |       ||   851
       Tower shield      |       |       |       |       |    87 |   759 |   497 |   479 |  1143 ||  2965
